Map: Site Delta LE

Players

Dark

  • Race: Zerg Zerg
  • Spawn Location: 11:00

LiquidClem (Clem) - Winner!

  • Race: Terran Terran
  • League: Master
  • Spawn Location: 5:00

VOD

Have the link to the VOD?

Description

Time

  • Played on: Dec. 11, 2023, 9:44 a.m.
  • Length: 12:08
Show
View Real Time Build Order
Export as new Build Order

Dark Zerg 

Build Orders: Hatch First 

Get SALT Encoding   

  12  0:00  Drone  
  13  0:13  Overlord  
  13  0:17  Drone  
  14  0:31  Drone x2  
  16  0:48  Hatchery  
  15  0:53  Drone  
  15  0:55  Drone  
  17  0:58  Drone  
  18  1:09  Extractor  
  17  1:14  Spawning Pool  
  17  1:17  Drone  
  17  1:19  Drone  
  18  1:29  Drone  
  19  1:41  Drone  
  20  1:51  Drone  
  21  2:00  Queen x2  
  25  2:02  Zergling x4  
  27  2:09  Metabolic Boost  
  27  2:13  Overlord  
  27  2:14  Drone  
  28  2:28  Hatchery  
  27  2:36  Drone x2  
  27  2:37  Drone  
  29  2:43  Queen  
  31  2:47  Overlord  
  31  2:52  Zergling x4  
  31  2:57  Zergling x4  
  35  3:07  Zergling x4  
  37  3:14  Zergling x6  
  37  3:17  Zergling x6  
  41  3:27  Queen  
  41  3:34  Overlord x2  
  42  3:43  Overlord  
  42  3:45  Drone x5  
  46  3:48  Drone  
  46  3:52  Drone x3  
  46  3:54  Drone  
  50  3:57  Drone  
  50  4:01  Drone x2  
  53  4:05  Drone  
  53  4:09  Queen  
  54  4:15  Overlord  
  54  4:16  Drone x2  
  58  4:21  Drone x4  
  58  4:23  Drone  
  63  4:24  Drone  
  63  4:29  Queen  
  66  4:33  Drone x3  
  66  4:36  Drone  
  66  4:37  Drone  
  71  4:41  Drone  
  71  4:42  Drone x3  
  75  4:49  Overlord  
  75  4:50  Drone x4  
  79  4:53  Queen  
  79  4:58  Extractor x2  
  79  4:59  Queen  
  79  5:01  Drone  
  79  5:05  Evolution Chamber x2  
  80  5:07  Queen  
  80  5:10  Drone x2  
  80  5:11  Drone  
  80  5:12  Drone  
  86  5:15  Drone  
  86  5:16  Drone  
  86  5:17  Drone  
  86  5:20  Drone  
  90  5:23  Extractor  
  90  5:25  Drone x2, Extractor  
  90  5:29  Overlord x3  
  90  5:30  Overlord  
  90  5:36  Zerg Melee Weapons Level 1, Zerg Ground Armor Level 1  
  90  5:49  Zergling x16  
  101  5:50  Zergling x2  
  99  6:04  Lair  
  99  6:05  Extractor  
  99  6:07  Drone x9  
  107  6:13  Baneling Nest  
  107  6:14  Drone x3  
  107  6:16  Hatchery  
  107  6:18  Drone  
  107  6:20  Drone  
  107  6:28  Hatchery  
  107  6:30  Zergling x2  
  107  6:31  Zergling x8  
  111  6:36  Zergling x4  
  111  6:38  Burrow  
  113  6:49  Hatchery  
  113  6:50  Zergling x4  
  114  6:58  Overlord x3  
  114  7:00  Baneling x6  
  114  7:01  Baneling x3  
  114  7:06  Hydralisk Den  
  114  7:07  Drone  
  114  7:14  Overlord  
  113  7:17  Zergling x12  
  113  7:18  Zergling x8  
  113  7:19  Baneling  
  123  7:24  Zergling x2  
  123  7:25  Zergling x10  
  129  7:38  Overseer  
  129  7:39  Pneumatized Carapace  
  129  7:41  Zerg Melee Weapons Level 2, Grooved Spines  
  129  7:42  Zerg Ground Armor Level 2  
  128  7:49  Hydralisk  
  128  7:50  Hydralisk x6  
  139  7:51  Overlord x2  
  139  7:55  Overlord  
  139  7:57  Overlord  
  138  8:00  Overlord  
  138  8:02  Baneling  
  138  8:03  Baneling x6  
  138  8:04  Overlord  
  138  8:05  Zergling x14  
  144  8:08  Overseer  
  144  8:10  Drone  
  146  8:12  Zergling x2  
  146  8:13  Zergling x4  
  146  8:18  Centrifugal Hooks  
  145  8:31  Muscular Augments  
  145  8:33  Zergling x2  
  145  8:34  Zergling x20  
  153  8:37  Zergling x2  
  154  8:43  Drone x2  
  154  8:44  Hatchery  
  148  8:50  Hydralisk x4  
  148  8:51  Hydralisk  
  148  8:53  Zergling x10  
  148  8:54  Zergling x6  
  148  8:55  Hydralisk x2  
  163  8:57  Overseer x2  
  165  9:04  Zergling x4  
  165  9:07  Overlord  
  165  9:08  Hydralisk x5  
  169  9:20  Zergling x14  
  169  9:21  Zergling x4  
  176  9:27  Hydralisk x2  
  176  9:29  Zergling x2  
  176  9:30  Baneling x5  
  176  9:31  Baneling x2  
  181  9:32  Baneling x4  
  181  9:35  Zergling x8  
  180  9:45  Zergling x10  
  180  9:46  Overlord x2  
  180  9:55  Zergling x6  
  180  9:56  Zergling x10  
  177  10:00  Overlord x2  
  177  10:04  Zergling x8  
  175  10:09  Zergling x4  
  175  10:10  Zergling x6  
  175  10:13  Zergling x4  
  166  10:18  Zergling x6  
  158  10:22  Zergling x14  
  158  10:26  Hydralisk x2  
  147  10:30  Zergling x8  
  147  10:34  Hydralisk  
  144  10:37  Drone x3  
  144  10:42  Zergling x2  
  148  10:48  Zergling x4  
  150  10:51  Zergling x4  
  150  10:52  Zergling x18  
  150  11:01  Zergling x10  
  146  11:07  Zergling x6  
  146  11:09  Drone  
  150  11:13  Baneling x7  
  150  11:19  Zergling x12  
  150  11:20  Baneling x2  
  150  11:23  Overseer  
  154  11:27  Drone x4  
  154  11:30  Zergling x8  
  154  11:31  Baneling x4  
  162  11:35  Zergling x6  
  165  11:40  Zergling x8  
  165  11:46  Baneling x6  
  169  11:47  Zergling x10  
Show
View Real Time Build Order
Export as new Build Order

LiquidClem Terran - Winner!

Build Orders:  

Get SALT Encoding   

  12  0:00  SCV  
  13  0:13  SCV  
  14  0:17  Supply Depot  
  14  0:25  SCV  
  15  0:39  SCV, Barracks  
  16  0:44  Refinery  
  16  0:51  SCV  
  17  0:59  Barracks  
  17  1:03  SCV  
  18  1:15  SCV  
  19  1:27  Reaper  
  19  1:28  Orbital Command  
  20  1:33  Supply Depot  
  20  1:46  Reaper  
  21  1:54  SCV  
  22  2:03  Reaper  
  22  2:06  SCV  
  24  2:10  Command Center  
  24  2:18  SCV, Refinery  
  24  2:21  Reaper  
  26  2:30  SCV  
  27  2:40  Reaper  
  27  2:43  SCV  
  29  2:51  Command Center  
  29  2:55  SCV  
  29  2:57  Supply Depot  
  30  3:08  Factory  
  30  3:10  SCV  
  31  3:14  Barracks Reactor  
  31  3:22  SCV  
  31  3:26  Orbital Command  
  32  3:31  Barracks Tech Lab  
  32  3:34  SCV  
  33  3:47  SCV  
  30  3:50  Marine  
  30  3:51  Marine x2, Stimpack  
  30  3:52  SCV  
  33  3:57  Starport  
  33  3:59  SCV, Factory Reactor  
  34  4:04  SCV  
  34  4:06  Orbital Command  
  34  4:08  Marine  
  36  4:10  Marine  
  36  4:11  SCV  
  36  4:12  Marine  
  36  4:17  SCV  
  40  4:23  SCV  
  41  4:26  Marine  
  41  4:27  Marine  
  41  4:29  SCV  
  41  4:30  Marine  
  45  4:32  SCV  
  45  4:35  SCV  
  47  4:41  SCV, Medivac  
  47  4:44  SCV  
  51  4:45  Medivac  
  51  4:46  Marine  
  51  4:47  Marine, Refinery  
  51  4:48  SCV, Marine  
  51  4:49  Barracks  
  57  4:53  SCV, Engineering Bay  
  57  4:56  Engineering Bay  
  57  4:58  Factory Reactor  
  57  4:59  SCV  
  59  5:00  SCV  
  59  5:04  Marine x2  
  59  5:06  Supply Depot, SCV  
  63  5:07  Marine  
  63  5:11  SCV  
  65  5:14  Refinery  
  65  5:16  Supply Depot, SCV  
  65  5:18  SCV  
  67  5:22  Marine x2  
  67  5:27  Marine  
  71  5:30  Supply Depot, Orbital Command  
  71  5:31  Combat Shield, Terran Infantry Weapons Level 1  
  71  5:32  Terran Infantry Armor Level 1  
  71  5:33  SCV  
  71  5:34  SCV  
  72  5:38  Hellion  
  72  5:39  Hellion  
  72  5:40  Marine x2  
  72  5:41  Barracks Reactor  
  78  5:46  SCV  
  78  5:47  Marine  
  78  5:48  Supply Depot, SCV  
  80  5:58  SCV x2, Marine x2  
  80  5:59  Widow Mine  
  80  6:00  SCV  
  80  6:01  Widow Mine  
  89  6:05  Marine  
  89  6:06  Supply Depot  
  89  6:09  Supply Depot  
  89  6:10  SCV  
  92  6:11  SCV  
  92  6:14  Medivac x2  
  92  6:15  Marine  
  92  6:18  SCV, Marine x3  
  98  6:23  Supply Depot  
  101  6:28  SCV, Marine  
  101  6:29  Barracks x2  
  103  6:33  Armory  
  103  6:36  SCV  
  103  6:37  SCV  
  103  6:38  Supply Depot  
  105  6:40  SCV  
  105  6:43  Supply Depot  
  105  6:44  Marine x2, Widow Mine x2  
  112  6:49  SCV  
  112  6:53  Supply Depot, SCV  
  114  6:55  SCV, Refinery, Factory  
  114  6:56  Marine  
  114  6:57  Marine x2  
  118  7:01  SCV  
  118  7:03  Medivac x2  
  118  7:06  SCV, Marine  
  125  7:09  SCV  
  125  7:10  Marine  
  125  7:11  Widow Mine x2  
  125  7:13  Supply Depot  
  125  7:14  Marine  
  125  7:15  Marine  
  134  7:18  Barracks Reactor  
  134  7:19  Barracks Reactor  
  135  7:23  Supply Depot  
  135  7:26  Marine  
  135  7:27  Command Center  
  135  7:28  Marine  
  135  7:32  Widow Mine  
  135  7:33  Supply Depot, Sensor Tower  
  135  7:36  Supply Depot  
  137  7:42  Terran Infantry Armor Level 2, Terran Infantry Weapons Level 2  
  137  7:48  Marine x2, Widow Mine x2  
  137  7:49  Marine  
  144  7:55  Medivac x2  
  144  7:56  Marine x5  
  153  7:59  Marine, Widow Mine  
  156  8:06  Marine x2  
  156  8:07  Marine  
  156  8:08  Terran Vehicle And Ship Armor Level 1  
  156  8:10  Factory Tech Lab  
  156  8:11  Supply Depot  
  159  8:13  Refinery  
  159  8:14  Marine  
  159  8:15  Widow Mine  
  159  8:16  Marine x5  
  167  8:21  SCV  
  167  8:24  SCV  
  163  8:34  Medivac  
  163  8:35  Marine, Widow Mine  
  163  8:36  Marine x2  
  163  8:37  Marine x3  
  163  8:39  Widow Mine x2  
  163  8:40  Marine, Medivac  
  171  8:42  Marine  
  171  8:43  SCV  
  172  8:49  Marine  
  172  8:53  Marine  
  174  8:56  Widow Mine  
  174  9:00  Hellion x2  
  174  9:02  Barracks  
  180  9:04  SCV, Barracks, Medivac  
  180  9:06  SCV, Barracks  
  182  9:10  Medivac  
  184  9:19  Widow Mine  
  184  9:20  Marine x4, Marauder  
  184  9:21  Marine x4  
  188  9:24  SCV  
  188  9:25  SCV  
  188  9:28  Planetary Fortress  
  190  9:33  Widow Mine  
  190  9:38  Marine x2  
  193  9:41  Marauder  
  193  9:42  Command Center  
  175  9:53  Widow Mine  
  175  9:55  Marine x3  
  175  9:57  Marine x2  
  175  9:58  Barracks Tech Lab x3  
  174  10:00  Medivac  
  174  10:01  Marine x2, Widow Mine x2  
  174  10:02  Marine  
  174  10:03  Marauder  
  184  10:12  Orbital Command  
  184  10:13  Marine x3  
  178  10:14  Widow Mine  
  178  10:15  Marine x2  
  178  10:19  Marine  
  159  10:22  Widow Mine  
  159  10:24  Marauder  
  159  10:26  Marine  
  154  10:28  SCV  
  154  10:32  SCV  
  154  10:40  SCV x2  
  154  10:41  SCV  
  157  10:43  Widow Mine  
  157  10:48  Marine  
  157  10:49  Marine, Widow Mine  
  161  10:50  Medivac  
  161  10:51  Marine  
  161  10:52  Marine  
  161  10:55  Marine  
  166  10:59  Medivac  
  166  11:00  Marine  
  166  11:01  Marine  
  166  11:03  Marine x2  
  164  11:04  Marine, Widow Mine  
  164  11:07  Marine x4  
  164  11:08  SCV  
  164  11:09  Marine x2  
  164  11:10  Widow Mine  
  170  11:12  SCV  
  170  11:13  Orbital Command  
  170  11:14  SCV  
  172  11:20  Liberator  
  172  11:21  Marine  
  172  11:22  Marauder x2  
  172  11:24  Marine  
  172  11:25  Marauder, Widow Mine  
  185  11:31  SCV x2, Widow Mine  
  185  11:32  SCV  
  188  11:34  SCV  
  188  11:38  Marauder  
  188  11:39  Ghost Academy  
  189  11:40  Marine  
  189  11:41  Marine  
  189  11:42  SCV  
  189  11:43  Marine, Marauder  
  189  11:44  Marine  
  189  11:45  Marine, Marauder  
  164  12:03  Factory  
Tags
 
League
Master
Matchup
TvZ
Player
ClemDark
Replay Pack
December 2023
Spawn Locations
Cross Positions
Add a new tag
Caveats
  • Supply blocks, unpowered buildings, or Contaminate may cause inaccurate times.
  • Supply counts are checked every 10 seconds.